 Dungeon Crawl Stone Soup version 0.28-b1-1-g3c77fb2ed1 (webtiles) character file.

Game seed: 10673488887295502343

241 crazypyro the Chopper (level 5, -6/45 HPs)
             Began as a Minotaur Fighter on Jan 29, 2022.
             Was an Initiate of Ashenzari.
             Mangled by an orc wizard (19 damage)
             ... on level 4 of the Dungeon.
             The game lasted 00:03:35 (2519 turns).

crazypyro the Chopper (Minotaur Fighter)            Turns: 2519, Time: 00:03:35

Health: -6/45      AC: 10    Str: 23    XL:     5   Next: 80%
Magic:  4/4        EV:  7    Int:  5    God:    Ashenzari [......]
Gold:   60         SH:  0    Dex:  9    Spells: 4/4 levels left

rFire   . . .      SeeInvis .   a - +0 war axe
rCold   . . .      Faith    .   c - +0 buckler
rNeg    . . .      Spirit   .   h - +0 chain mail
rPois   .          Reflect  .   (helmet restricted)
rElec   .          Harm     .   o - +0 cloak
rCorr   .          Rampage  .   (no gloves)
Will    .....                   (no boots)
Stlth   ..........              (no amulet)
HPRegen 0.15/turn               (no ring)
MPRegen 0.09/turn               (no ring)

@: confused
A: horns 2, retaliatory headbutt
a: Renounce Religion, Curse Item


You were on level 4 of the Dungeon.
You worshipped Ashenzari.
Ashenzari was noncommittal.
You visited 1 branch of the dungeon, and saw 4 of its levels.

You collected 60 gold pieces.

Inventory:

Hand Weapons
 a - a +0 war axe (weapon)
Armour
 b - a +0 scale mail
 c - a +0 buckler (worn)
 h - a +0 chain mail (worn)
 j - a scarf of harm
 o - a +0 cloak (worn)
Wands
 m - a wand of charming (6)
Scrolls
 f - a scroll of summoning {unknown}
 i - 2 scrolls of identify
 l - a scroll of holy word {unknown}
Potions
 d - 3 potions of might
 e - 2 potions of curing
 g - a potion of brilliance {unknown}
 k - a potion of haste
 n - a potion of mutation {unknown}


   Skills:
 - Level 3.6 Fighting
 + Level 7.4 Axes
 - Level 3.6 Armour
 - Level 3.6 Shields


You had 4 spell levels left.
You didn't know any spells.
Your spell library was empty.

Dungeon Overview and Level Annotations

Branches:
Dungeon (4/15)
 Temple: D:4-7

Altars:
Ashenzari
Zin

Shops:
D:1 ?   D:3 *


Innate Abilities, Weirdness & Mutations

You have a pair of horns on your head.
You reflexively headbutt those who attack you in melee.


Message History

The orc wizard gestures wildly while chanting.
The orc wizard flickers and vanishes!
Deactivating autopickup; reactivate with Ctrl-A.
An orc priest comes into view. It is wielding a +0 mace.
You closely miss the orc wizard. You headbutt the orc wizard.
You kill the orc wizard!
You barely miss the orc. You closely miss something.
You closely miss the orc wizard. You closely miss something.
Something hits you. You block the orc wizard's attack.
You slash the orc wizard!
The orc wizard is almost dead.
You hit something but do no damage. You hit the orc.
The orc priest miscasts a cantrip.
The orc hits you but does no damage. Something hits you but does no damage.
The orc wizard casts a spell at you.
You are confused.
You are too confused!
You are too confused!
You are too confused!
You are too confused!
You're too confused to move!
The orc completely misses you. Something hits you but does no damage.
The orc wizard hits you but does no damage.
You slash the orc!
You kill the orc!
You completely miss something. You closely miss the orc wizard.
Something hits you but does no damage.
You are electrocuted!
The orc wizard hits you but does no damage.
You hit the orc priest but do no damage.
Your headbutt misses the orc priest. You closely miss something.
You miss the orc wizard. The orc priest hits you with a +0 mace.
Something hits you.
You are electrocuted!
* * * LOW HITPOINT WARNING * * *
The orc wizard casts a spell.
The orc wizard flickers and vanishes!
The orc priest barely misses you.
You closely miss something. You closely miss the orc priest.
You closely miss something. Something hits you.
* * * LOW HITPOINT WARNING * * *
You are electrocuted!!
You die...

###.......#....#
##.......####.<....#
.....#...# #.....#
....###..# #...##
.....##).## #..###
#....#...# .....
#....#..######.....
#....)..)##{{......
##.........@o#
#.........###
##.......##
#.......# #......##
#...#...# ....##...#
.... ....#


You could see an orc priest.

Vanquished Creatures
  Crazy Yiuf (D:3)
  An orc wizard (D:4)
  Ijyb (D:3)
  Natasha (thrice) (D:3)
  2 adders (D:2)
  A worm (D:2)
  2 dart slugs
  2 orcs (D:4)
  4 endoplasms
  4 giant cockroaches
  6 goblins
  13 hobgoblins
  5 kobolds
  3 quokkas
  4 ball pythons
  7 bats
  A frilled lizard (D:1)
  3 rats (D:2)
63 creatures vanquished.

Vanquished Creatures (others)
  3 demonic plants (D:2)
  4 fungi (D:2)
  4 plants (D:2)
  A withered plant (D:2)
12 creatures vanquished.

Grand Total: 75 creatures vanquished

Notes
Turn   | Place    | Note
-------+----------+-------------------------------------------
     0 | D:1      | crazypyro the Minotaur Fighter began the quest for the Orb.
     0 | D:1      | Reached XP level 1. HP: 19/19 MP: 0/0
    93 | D:1      | Reached skill level 3 in Axes
   111 | D:1      | Reached XP level 2. HP: 26/26 MP: 1/1
   332 | D:1      | Found Annibrew's Magic Scroll Boutique.
   683 | D:2      | Found a broken altar of Ashenzari.
   695 | D:2      | Reached skill level 4 in Axes
   699 | D:2      | Became a worshipper of Ashenzari the Shackled
   951 | D:2      | Reached XP level 3. HP: 27/31 MP: 2/2
  1315 | D:2      | Reached skill level 5 in Axes
  1359 | D:2      | Found a faded altar of an unknown god.
  1563 | D:3      | Found Geiney's General Store.
  1580 | D:3      | Noticed Natasha
  1585 | D:3      | Killed Natasha
  1586 | D:3      | Reached XP level 4. HP: 33/39 MP: 3/3
  1662 | D:3      | Noticed Natasha
  1668 | D:3      | Killed Natasha
  1669 | D:3      | Reached skill level 6 in Axes
  1922 | D:3      | Noticed Natasha
  1927 | D:3      | Killed Natasha
  1928 | D:3      | Reached XP level 5. HP: 42/45 MP: 4/4
  1960 | D:3      | Found a glowing silver altar of Zin.
  2017 | D:3      | Found a runed translucent door.
  2018 | D:3      | Noticed Crazy Yiuf
  2181 | D:3      | Noticed Ijyb
  2189 | D:3      | Killed Ijyb
  2346 | D:3      | Killed Crazy Yiuf
  2347 | D:3      | Reached skill level 7 in Axes
  2519 | D:4      | Mangled by an orc wizard

Illustrated notes

Levels and vault maps discovered:
D:1:      giann_horns, layout_basic, serial_shops, shop, grunt_decor_one_mirror
D:2:      layout_loops_ring, shapermc_ecumenical_altar_gd, basic_altar,
          minmay_pentomino_t4
D:3:      layout_rooms, mainiacjoe_overflow_24_doors, serial_shops,
          nicolae_shop_behind_doors, hangedman_decor_growths,
          minmay_goblin_outpost, uniq_ijyb, uniq_natasha,
          uniq_crazy_yiuf_cottage
D:4:      layout_layer_cave, lightli_corner_chamber

Skill      XL: |  1  2  3  4  5 |
---------------+----------------+-----
Axes           | 3 4 5 6 7 |  7.4
Fighting       | |  3.6
Armour         | |  3.6
Shields        | |  3.6

Action                   |  1- 3 |  4- 6 || total
-------------------------+-------+-------++-------
Melee: War axe           |    88 |    58 ||   146
       Headbutt          |    11 |    10 ||    21
  Use: Scroll            |     2 |       ||     2
Armor: Scale mail        |    38 |       ||    38
       Chain mail        |     3 |    30 ||    33
Dodge: Dodged            |    48 |    20 ||    68
Block: Buckler           |    22 |    15 ||    37
